 Dungeon Crawl Stone Soup version 0.20-a0-270-g8e735b6 (webtiles) character file.

1498 Goblin1989 the Slasher (level 8, -7/60 HPs)
             Began as a Vampire Gladiator on Dec 10, 2016.
             Was a Believer of Uskayaw.
             Killed by divine providence
             ... invoked by an orc priest
              (16 damage)
             ... on level 6 of the Dungeon.
             The game lasted 00:20:58 (5499 turns).

Goblin1989 the Slasher (Vampire Gladiator)          Turns: 5499, Time: 00:20:59

Health: -7/60      AC:  8    Str: 16    XL:     8   Next: 52%
Magic:  8/8        EV: 10    Int: 11    God:    Uskayaw [**....]
Gold:   458        SH: 16    Dex: 18    Spells: 7/7 levels left

rFire  + . .     SeeInvis +     a - +0 long sword
rCold  . . .     Gourm    .     F - +2 ring mail "Ozoisann" {rF+ rN+ Dex+4}
rNeg   + + .     Faith    .     d - +2 large shield
rPois  +         Spirit   .     c - +0 helmet
rElec  .         Reflect  .     (no cloak)
rCorr  .         Harm     .     (no gloves)
MR     .....                    (no boots)
Stlth  +.........               m - amulet of magic regeneration
                                C - +2 ring of evasion
                                y - ring of poison resistance {=R}

@: no status effects
A: fangs 3, see invisible, unbreathing
a: Bat Form, Stomp, Line Pass, Renounce Religion


You were on level 6 of the Dungeon.
You worshipped Uskayaw.
Uskayaw was noncommittal.
You were not thirsty.

You visited 2 branches of the dungeon, and saw 7 of its levels.
You also visited: Sewer.

You collected 458 gold pieces.

Inventory:

Hand Weapons
 a - a +0 long sword (weapon)
 b - a +0 rapier
 w - a +0 blowgun {@w1}
Missiles
 Z - 2 throwing nets (quivered) {=f, !d}
Armour
 c - a +0 helmet (worn)
 d - a +2 large shield (worn)
 F - the +2 ring mail "Ozoisann" (worn) {rF+ rN+ Dex+4}
   (You found it on level 5 of the Dungeon)

   It affects your dexterity (+4).
   It protects you from fire.
   It protects you from negative energy.
Jewellery
 k - an uncursed ring of fire
 m - an amulet of magic regeneration (around neck)
 y - a ring of poison resistance (left hand) {=R}
 A - an uncursed ring of ice
 C - a +2 ring of evasion (right hand)
Wands
 n - a wand of disintegration (20/24)
 s - a wand of random effects (36/48)
 I - a wand of iceblast (10/15)
Scrolls
 g - 2 scrolls of random uselessness {unknown}
 i - 5 scrolls of identify {unknown}
 j - 3 scrolls of remove curse {unknown}
 o - 3 scrolls of teleportation {unknown}
 p - 3 scrolls of fear {unknown}
 t - a scroll of blinking {unknown}
 u - 2 scrolls of fog {unknown}
 z - a scroll of enchant armour {unknown}
 B - a scroll of recharging {unknown}
 D - a scroll of immolation {unknown}
 E - a scroll of magic mapping {unknown}
Potions
 e - a potion of cure mutation {unknown}
 f - 3 potions of agility {unknown}
 h - 9 potions of curing {unknown}
 l - 4 potions of brilliance {unknown}
 q - 8 potions of blood
 v - a potion of flight {unknown}
 x - 4 potions of lignification {unknown}


   Skills:
 + Level 4.3 Fighting
 * Level 7.5 Long Blades
 - Level 1.5 Throwing
 - Level 3.4 Armour
 + Level 3.5 Dodging
 + Level 4.3 Shields


You had 7 spell levels left.
You didn't know any spells.

Dungeon Overview and Level Annotations

Branches:
Dungeon (6/15)             Temple (1/1) D:4

Altars:
Ashenzari
Cheibriados
Dithmenos
Elyvilon
Fedhas
Gozag
Hepliaklqana
Kikubaaqudgha
Makhleb
Nemelex Xobeh
Okawaru
Qazlal
Sif Muna
Trog
Uskayaw
Vehumet
Xom
Yredelemnul
Zin
The Shining One

Shops:
D:5 =


Innate Abilities, Weirdness & Mutations

You have razor-sharp teeth.
You have supernaturally acute eyesight. (SInv)
You can survive without breathing.


Message History

The orc wizard is moderately wounded.
You block the orc wizard's attack.
Your shield and ring mail "Ozoisann" prevent you from hitting the orc wizard.
The orc wizard is moderately wounded.
The orc wizard hits you but does no damage.
You are electrocuted!
* * * LOW HITPOINT WARNING * * *
The orc wizard hits you but does no damage.
You are electrocuted!
* * * LOW HITPOINT WARNING * * *
You take 24 damage, and have 8/60 hp.
MASSIVE DAMAGE!!
Your shield and ring mail "Ozoisann" prevent you from hitting the orc wizard.
The orc wizard is moderately wounded.
The orc wizard hits you but does no damage.
You slash the orc wizard!
The orc wizard is almost dead.
The orc wizard barely misses you.
The orc priest calls down the wrath of Beogh upon you.
Beogh smites you!
You die... ...█ ...█ ...█ .█ █.. ██. .███... █ . █$. ....... ██████

█.█... ██.......
.....█ .....
██....█.█ .....█
█...████)...?..██
.....█.
█...o@..........
██.███.███
██..o..†........
██.█ ...█
███.!█████.....
...█████.████....█
....
....██.........███
...
.██.██.██.(....█ .
.......██......█
███.█████......█
█.█ █████.██


You could see an orc priest and an orc wizard.

Vanquished Creatures
  Duvessa (D:4)
  An ogre (D:4)
  2 phantoms
  A centaur (D:3)
  A big kobold (Sewer)
  Blork the orc (D:5)
  Dowan (D:4)
  2 scorpions
  2 howler monkeys
  2 crimson imps
  A bullfrog zombie (D:5)
  2 hounds
  An orc priest (D:6)
  An iguana (D:5)
  4 worker ants
  A killer bee zombie (D:5)
  A hound skeleton (D:4)
  6 gnolls (D:3)
  10 adders
  5 river rats (Sewer)
  An adder zombie (D:5)
  An ooze (Sewer)
  5 worms
  A dart slug (D:2)
  4 leopard geckos
  4 ball pythons
  9 bats
  2 giant cockroaches
  10 goblins
  11 hobgoblins
  7 jackals
  10 frilled lizards
  18 kobolds
  A leopard gecko skeleton (D:5)
  A quokka zombie (D:5)
  27 rats
158 creatures vanquished.

Notes
Turn   | Place    | Note
-------+----------+-------------------------------------------
     0 | D:1      | Goblin1989 the Vampire Gladiator began the quest for the Orb.
     0 | D:1      | Reached XP level 1. HP: 16/16 MP: 1/1
   240 | D:1      | Reached XP level 2. HP: 21/22 MP: 2/2
   860 | D:2      | Reached XP level 3. HP: 26/27 MP: 3/3
   940 | D:2      | Reached skill level 1 in Shields
  1020 | D:2      | Reached skill level 4 in Long Blades
  1261 | D:2      | Reached XP level 4. HP: 30/33 MP: 4/4
  1447 | D:2      | Reached skill level 1 in Armour
  1791 | D:3      | Found a glowing drain.
  1814 | Sewer    | Entered a sewer
  1993 | Sewer    | Reached XP level 5. HP: 24/38 MP: 5/5
  2150 | Sewer    | HP: 1/38 [rat (2)]
  2389 | Sewer    | Reached skill level 5 in Long Blades
  2389 | Sewer    | Reached XP level 6. HP: 44/46 MP: 6/6
  3496 | D:4      | Reached XP level 7. HP: 51/52 MP: 7/7
  3707 | D:4      | Reached skill level 6 in Long Blades
  3741 | D:4      | Found a stormy altar of Qazlal.
  3890 | D:4      | Found a staircase to the Ecumenical Temple.
  3899 | Temple   | Entered the Ecumenical Temple
  3913 | Temple   | Became a worshipper of Uskayaw the Reveler
  3986 | D:4      | Noticed Duvessa
  3988 | D:4      | Noticed Dowan
  4007 | D:4      | Reached * piety under Uskayaw
  4020 | D:4      | Killed Duvessa
  4021 | D:4      | Reached ** piety under Uskayaw
  4029 | D:4      | Reached *** piety under Uskayaw
  4032 | D:4      | HP: 2/52 [Dowan/shard of ice (10)]
  4046 | D:4      | Killed Dowan
  4515 | D:5      | Entered Level 5 of the Dungeon
  4561 | D:5      | Reached XP level 8. HP: 29/60 MP: 8/8
  4603 | D:5      | HP: 3/60 [phantom (2)]
  4607 | D:5      | Reached **** piety under Uskayaw
  4784 | D:5      | Reached skill level 7 in Long Blades
  4792 | D:5      | Found a hazy altar of Hepliaklqana.
  4929 | D:5      | Noticed Blork the orc
  4940 | D:5      | Killed Blork the orc
  4951 | D:5      | Found a shimmering altar of Xom.
  5199 | D:5      | Found Huijov's Jewellery Shoppe.
  5270 | D:5      | Got an encrusted ring mail
  5281 | D:5      | Identified the +2 ring mail "Ozoisann" {rF+ rN+ Dex+4} (You found it on level 5 of the Dungeon)
  5499 | D:6      | Killed from afar by an orc priest

Vault maps used:
D:1:      dpeg_arrival_chase, st_stairs_3, minmay_strange_pillars
D:2:      minmay_quantized
D:3:      portal_sewer_entry_d
D:4:      nicolae_qazlal_eye_of_the_storm, uniq_duvessa
D:5:      overflow_temple_1_default, serial_shops, shop, first_bread,
          xom_teletrap_fun, uniq_blork_the_orc
D:6:      nicolae_ru_path_of_blood, hangedman_decor_growths, minmay_bent
Temple:   nicolae_temple_no_exploring_needed
Sewer:    sewer_minmay_treatment

Skill      XL: |  1  2  3  4  5  6  7  8 |
---------------+-------------------------+-----
Shields        | 1 2 3 4 |  4.3
Fighting       | 2 3 4 |  4.3
Long Blades    | 4 5 6 7 |  7.5
Armour         | 1 2 3 |  3.4
Throwing       | |  1.5
Dodging        | |  3.5

Action                   |  1- 3 |  4- 6 |  7- 9 || total
-------------------------+-------+-------+-------++-------
Melee: Long sword        |   172 |   348 |   321 ||   841
       Bite              |    15 |    45 |    43 ||   103
       Rapier            |       |       |     3 ||     3
Throw: Throwing net      |       |       |     1 ||     1
  Use: Potion            |    12 |    13 |    10 ||    35
 Stab: Paralysed         |       |       |     3 ||     3
Armor: Leather armour    |    15 |       |       ||    15
       Ring mail         |    64 |    15 |     8 ||    87
       Plate armour      |       |   289 |    97 ||   386
Dodge: Dodged            |    49 |    17 |    21 ||    87
Block: Large shield      |   159 |   390 |   245 ||   794
       Rpst.: Long sword |    17 |     5 |     6 ||    28

Vault maps used:
D:1:      dpeg_arrival_chase, st_stairs_3, minmay_strange_pillars
D:2:      minmay_quantized
D:3:      portal_sewer_entry_d
D:4:      nicolae_qazlal_eye_of_the_storm, uniq_duvessa
D:5:      overflow_temple_1_default, serial_shops, shop, first_bread,
          xom_teletrap_fun, uniq_blork_the_orc
D:6:      nicolae_ru_path_of_blood, hangedman_decor_growths, minmay_bent
Temple:   nicolae_temple_no_exploring_needed
Sewer:    sewer_minmay_treatment
